 Dungeon Crawl Stone Soup version 0.30.1-4-g462c640d31 (webtiles) character file.

Game seed: 17150984688399876493

5902 Logoto the Thaumaturge (level 10, -19/77 HPs)
             Began as a Purple Draconian Fire Elementalist on Aug 17, 2023.
             Was a Believer of Qazlal.
             Shot with an arrow by a centaur warrior (26 damage)
             ... on level 10 of the Dungeon.
             The game lasted 00:51:46 (13530 turns).

Logoto the Thaumaturge (DrFE)                      Turns: 13530, Time: 00:51:47

Health: -19/77     AC:  7    Str: 12    XL:     10   Next: 53%
Magic:  24/24      EV: 13    Int: 17    God:    Qazlal [**....]
Gold:   602        SH: 16    Dex: 13    Spells: 19/30 levels left

rFire   . . .        F - +6 trident
rCold   . . .        j - +3 buckler
rNeg    . . .        (body armour unavailable)
rPois   .            (helmet restricted)
rElec   .            (no cloak)
rCorr   .            (no gloves)
SInv    .            (no boots)
Will    +....        D - amulet of reflection
Stlth   ++           b - ring of wizardry
HPRegen 0.32/turn    (no ring)
MPRegen 0.19/turn

%: reflection, wizardry (x1)
@: no status effects
A: breathe power, AC +7, unfitting armour, cold-blooded
a: Breathe Dispelling Energy, Renounce Religion, Upheaval


You were on level 10 of the Dungeon.
You worshipped Qazlal.
Qazlal was pleased with you.
You visited 2 branches of the dungeon, and saw 11 of its levels.

You collected 602 gold pieces.

Inventory:

Hand Weapons
 h - the +9 sling of Cufiu {flame, rElec Str+3 Int+4}
   (You found it on level 9 of the Dungeon)

   Str:       It affects your strength (+3).
   Int:       It affects your intelligence (+4).
   rElec:     It insulates you from electricity.
 E - a +5 falchion
 F - a +6 trident (weapon)
 H - a +2 great sword of freezing
 P - a +5 hand axe
Armour
 j - a +3 buckler (worn)
Magical Staves
 d - a staff of conjuration
Jewellery
 b - a ring of wizardry (left hand)
 u - an amulet of the acrobat
 D - an amulet of reflection (around neck)
Wands
 t - a wand of iceblast (3)
 v - a wand of polymorph (14)
 x - a wand of charming (28)
 B - a wand of flame (32)
 I - a wand of light (3)
Scrolls
 c - 2 scrolls of enchant weapon {unknown}
 e - a scroll of silence
 i - a scroll of enchant armour
 p - 3 scrolls of amnesia
 s - 3 scrolls of blinking
 w - 2 scrolls of magic mapping
 y - a scroll of teleportation {unknown}
 A - a scroll of noise {unknown}
 J - 3 scrolls of immolation
 K - a scroll of butterflies {unknown}
 L - a scroll of poison {unknown}
 N - a scroll of fear {unknown}
 O - a scroll of brand weapon {unknown}
 Q - a scroll of fog {unknown}
Potions
 a - a potion of magic
 f - 4 potions of curing
 g - 2 potions of cancellation
 k - a potion of flight {unknown}
 l - 2 potions of mutation
 m - 2 potions of brilliance
 n - 7 potions of berserk rage
 o - 2 potions of might
 q - a potion of heal wounds
 z - 2 potions of lignification
 C - a potion of haste {unknown}
 G - a potion of invisibility {unknown}
 M - 2 potions of attraction {unknown}


   Skills:
 + Level 3.0 Fighting
 + Level 1.4 Long Blades
 + Level 2.2(3.0) Axes
 + Level 0.2(1.4) Maces & Flails
 + Level 3.0(3.4) Polearms
 + Level 0.3(1.9) Staves
 + Level 4.8 Dodging
 + Level 3.4 Stealth
 + Level 4.0 Shields
 + Level 0.2 Unarmed Combat
 + Level 10.7 Spellcasting
 + Level 3.1 Conjurations
 + Level 0.6 Hexes
 + Level 0.4 Necromancy
 + Level 8.7 Fire Magic


You had 19 spell levels left.
You knew the following spells:

 Your Spells              Type           Power      Damage    Failure   Level
a - Foxfire               Conj/Fire      100%       2x1d9     1%          1
b - Scorch                Fire           76%        2d8       1%          2
c - Kiss of Death         Conj/Necr      60%        2d10      2%          1
d - Confusing Touch       Hex            11%        N/A       10%         3
e - Flame Wave            Conj/Fire      29%        2d9       4%          4

Your spell library contained the following spells:

 Spells                   Type           Power      Damage    Failure   Level
 Inner Flame              Hex/Fire       25%        N/A       1%          3
 Volatile Blastmotes      Fire/Tloc      48%        2d14      2%          3
 Apportation              Tloc           18%        N/A       4%          1
 Ensorcelled Hibernation  Hex/Ice        20%        N/A       6%          2
 Spider Form              Tmut/Pois      9%         N/A       13%         3
 Anguish                  Hex/Necr       5%         N/A       32%         4
 Animate Dead             Necr           10%        N/A       32%         4
 Cause Fear               Hex            5%         N/A       32%         4
 Dispel Undead            Necr           10%        3d9       32%         4
 Passage of Golubria      Tloc           9%         N/A       38%         4
 Silence                  Hex/Air        5%         N/A       67%         5
 Alistair's Intoxication  Tmut/Pois      6%         N/A       71%         5
 Dragon Form              Tmut           4%         N/A       100%        7
 Haunt                    Necr/Summ      4%         N/A       100%        7
 Infestation              Necr           5%         N/A       100%        8
 Lehudib's Crystal Spear  Conj/Erth      7%         10d3      100%        8
 Dragon's Call            Summ           4%         N/A       100%        9


Dungeon Overview and Level Annotations

Branches:
Dungeon (10/15)            Temple (1/1) D:5            Lair (0/5) D:8
    Orc: D:9-12

Altars:
Ashenzari
Cheibriados
Dithmenos
Elyvilon
Fedhas
Gozag
Hepliaklqana
Kikubaaqudgha
Makhleb
Nemelex Xobeh
Okawaru
Qazlal
Ru
Sif Muna
Trog
Uskayaw
Vehumet
Wu Jian
Xom
Yredelemnul
Zin
The Shining One

Shops:
D:3 [

Annotations:
D:8 2 transporters, sunglassesatnite's ghost, novice MiBe


Innate Abilities, Weirdness & Mutations

You can breathe bolts of dispelling energy.
Your rich purple scales are hard. (AC +7)
You cannot fit into any form of body armour.
You are cold-blooded and may be slowed by cold attacks.


Message History

There is an open door here.
The centaur warrior shoots an arrow.
The arrow hits you!
You close the door.
A centaur warrior opens the door.
The centaur warrior shoots an arrow.
The arrow hits you!
* * * LOW HITPOINT WARNING * * *
There is an open door here.
You close the door.
You hear a shout!
Something unseen opens the door.
A centaur comes into view.
You feel much better.
The centaur shouts!
The centaur wields a +0 shortbow.
The centaur shoots an arrow.
The arrow closely misses you.
The arrow barely misses the centaur warrior.
The centaur warrior shoots an arrow.
The arrow completely misses you.
The arrow hits the centaur!!
The centaur dies!
The centaur warrior shoots an arrow.
The arrow hits you!
The centaur warrior shoots an arrow.
You block the arrow with an invisible shield... and reflect it back!
The arrow hits the centaur warrior!
There is an open door, spattered with blood here.
The centaur warrior shoots an arrow.
The arrow hits you.
* * * LOW HITPOINT WARNING * * *
You close the door.
Things that are here:
a +0 shortbow; a centaur corpse Something unseen breaks down the door.
The centaur warrior shoots an arrow.
The arrow closely misses you.
The centaur warrior shoots an arrow.
The arrow hits you!
* * * LOW HITPOINT WARNING * * *
The centaur warrior shoots an arrow.
You block the arrow with an invisible shield... and reflect it back!
The arrow hits the centaur warrior but does no damage.
There is an open door, spattered with blood here.
Which direction?
The centaur warrior shoots an arrow.
The arrow hits you!!
You die...

####### ##.'.......
#.....####..#.......
#.....#...c##.......
###.....'.#####.......
#)'....)### #...c...
#...#....c# ###'####
.....###.....# #c#
...### #...☼.# #.# ##
###@### #.# #..# #.#
#######'#### #.#
#......(..># #c##
#..........# #..#
+<.........# ##.#
#..........# #.#
#..........# #.##
#######'#### #..#


You could see a centaur warrior.

Vanquished Creatures
  A two-headed ogre (D:9)
  Joseph (D:7)
  An elephant (D:8)
  3 wyverns
  A basilisk (D:8)
  A water moccasin (D:5)
  5 black bears
  An ice beast (D:6)
  3 orc warriors
  2 ogres
  A centaur (D:9)
  2 phantoms
  2 kobold brigands
  4 bullfrogs
  5 scorpions
  15 wights
  12 killer bees
  2 howler monkeys
  3 hounds
  2 orc priests
  3 jellies
  7 orc wizards
  3 iguanas (D:6)
  4 adders
  7 gnolls
  A shadow imp (D:5)
  A white imp (D:7)
  An ufetubus (D:6)
  2 worms
  3 dart slugs
  24 orcs
  5 endoplasms
  3 giant cockroaches
  7 goblins
  6 hobgoblins
  9 jackals
  14 kobolds
  4 quokkas
  7 ball pythons
  10 bats
  5 frilled lizards
  A goblin zombie (D:6)
  5 rats
  A rat zombie (D:6)
200 creatures vanquished.

Vanquished Creatures (others)
  A centaur (D:10)
  318 foxfires
319 creatures vanquished.

Grand Total: 519 creatures vanquished

Notes
Turn   | Place    | Note
-------+----------+-------------------------------------------
     0 | D:1      | Logoto the Draconian Fire Elementalist began the quest for
                  | the Orb.
     0 | D:1      | Reached XP level 1. HP: 14/14 MP: 3/3
    43 | D:1      | You fall into a shaft and drop 1 floor!
   224 | D:1      | Reached XP level 2. HP: 20/20 MP: 1/5
   356 | D:1      | Learned a level 2 spell: Scorch
  1043 | D:1      | Reached XP level 3. HP: 26/26 MP: 3/6
  2808 | D:3      | Learned a level 1 spell: Kiss of Death
  2995 | D:3      | Reached XP level 4. HP: 28/28 MP: 4/7
  3073 | D:3      | Identified the +1 dagger "Wilulouf" {flame, Int+2 Dex+2}
  3120 | D:3      | Found Fuefur's Armour Shop.
  3547 | D:4      | Noticed a scorpion
  3561 | D:4      | Killed a scorpion
  3638 | D:3      | Reached XP level 5. HP: 30/38 MP: 4/9
  3743 | D:4      | Reached skill level 3 in Spellcasting
  3909 | D:4      | Reached skill level 1 in Axes
  4127 | D:4      | Reached XP level 6. HP: 46/46 MP: 1/11
  4780 | D:4      | Reached skill level 1 in Shields
  4780 | D:4      | Reached skill level 5 in Fire Magic
  4883 | D:4      | Reached skill level 1 in Fighting
  4883 | D:4      | Reached skill level 4 in Spellcasting
  4883 | D:4      | Your scales start taking on a rich purple colour.
  4883 | D:4      | Reached skill level 5 in Spellcasting
  4883 | D:4      | Reached XP level 7. HP: 52/52 MP: 1/14
  5515 | D:5      | Entered Level 5 of the Dungeon
  5643 | D:5      | Found a staircase to the Ecumenical Temple.
  5649 | D:5      | Reached skill level 6 in Spellcasting
  5676 | Temple   | Entered the Ecumenical Temple
  6068 | Temple   | Became a worshipper of Qazlal Stormbringer
  6318 | D:5      | Reached XP level 8. HP: 60/61 MP: 8/17
  6459 | D:5      | Reached skill level 7 in Spellcasting
  6574 | D:5      | Learned a level 3 spell: Confusing Touch
  7904 | D:6      | Reached skill level 8 in Spellcasting
  7929 | D:6      | Reached skill level 1 in Long Blades
  8120 | D:6      | Reached XP level 9. HP: 65/65 MP: 21/21
  8123 | D:6      | Reached * piety under Qazlal
  8132 | D:6      | Learned a level 4 spell: Flame Wave
  8789 | D:7      | Reached skill level 1 in Polearms
  9162 | D:7      | Found a burning altar of Makhleb.
  9162 | D:7      | Found an opulent altar of Gozag.
  9163 | D:7      | Found a white marble altar of Elyvilon.
  9175 | D:7      | Found a sacrificial altar of Ru.
  9793 | D:7      | Noticed Joseph
 10214 | D:7      | Reached skill level 9 in Spellcasting
 10374 | D:7      | Killed Joseph
 10828 | D:8      | Found a transporter.
 10916 | D:8      | Noticed an elephant
 10917 | D:8      | Found a staircase to the Lair.
 10940 | D:8      | Reached ** piety under Qazlal
 10985 | D:8      | Killed an elephant
 11036 | D:8      | Reached XP level 10. HP: 74/74 MP: 8/23
 11136 | D:8      | Found a transporter.
 11144 | D:8      | Noticed sunglassesatnite's ghost (novice MiBe)
 11193 | D:8      | Reached skill level 10 in Spellcasting
 12357 | D:9      | Noticed a two-headed ogre
 12648 | D:9      | Killed a two-headed ogre
 12725 | D:9      | Identified the +9 sling of Cufiu {flame, rElec Str+3 Int+4}
 13358 | D:9      | Found a basalt altar of Yredelemnul.
 13415 | D:10     | Entered Level 10 of the Dungeon
 13497 | D:10     | Noticed a centaur warrior
 13530 | D:10     | Shot with an arrow by a centaur warrior

Illustrated notes

Levels and vault maps discovered:
D:1:      erik_arrival_cave_to_civilisation [erik_arrival_cave_to_hall],
          layout_basic
D:2:      layout_loops_corners, kennysheep_generic_room_4
D:3:      layout_loops_ring, serial_shops, nicolae_shop_tiny_statue_garden
D:4:      old_forge, layout_loops_ring
D:5:      layout_layer_cave, minmay_temple_entry_overgrown,
          reono_crystal_passage, ebering_dispersal_statue_hall
D:6:      layout_loops_corners, enter_ossuary_4, hangedman_abyss_or_decor_slice
D:7:      layout_basic, nicolae_overflow_quartered_altars, st_stairs_14,
          uniq_joseph
D:8:      layout_basic, david_lair_generic, gammafunk_ghost_stat_death
D:9:      layout_cave_pools, kennysheep_little_box
D:10:     layout_roguey, david_orc_5
Temple:   minmay_temple_bridge_d

Skill      XL: |  1  2  3  4  5  6  7  8  9 10 |
---------------+-------------------------------+-----
Stealth        | 2 3 |  3.4
Dodging        | 2 3 4 |  4.8
Fire Magic     | 4 5 6 8 |  8.7
Spellcasting   | 3 5 6 8 9 10 | 10.7
Axes           | 1 2 |  2.2
Shields        | 1 2 3 4 |  4.0
Fighting       | 1 2 3 |  3.0
Conjurations   | 2 3 |  3.1
Long Blades    | 1 |  1.4
Polearms       | 2 3 |  3.0
Maces & Flails | |  0.2
Staves         | |  0.3
Unarmed Combat | |  0.2
Hexes          | |  0.6
Necromancy     | |  0.4

Action                     |  1- 3 |  4- 6 |  7- 9 | 10-12 || total
---------------------------+-------+-------+-------+-------++-------
  Melee: Unarmed           |    15 |       |       |       ||    15
         Staff             |    50 |     1 |       |       ||    51
         Tailslap          |     7 |     5 |    19 |     3 ||    34
         Mace              |     1 |       |       |       ||     1
         War axe           |       |    42 |    29 |       ||    71
         Falchion          |       |       |     8 |       ||     8
         Trident           |       |       |    53 |    34 ||    87
   Cast: Foxfire           |    56 |    34 |   117 |    32 ||   239
         Scorch            |    17 |    37 |   101 |    44 ||   199
         Kiss of Death     |     1 |       |     1 |       ||     2
         Confusing Touch   |       |       |     2 |       ||     2
    Use: Potion            |       |       |     2 |     1 ||     3
         Scroll            |       |       |       |    15 ||    15
 Armour: Skin              |    55 |    27 |    40 |    11 ||   133
  Dodge: Dodged            |    98 |    76 |   108 |    38 ||   320
  Block: Buckler           |       |    27 |   113 |    86 ||   226
         Reflection        |       |       |    13 |     4 ||    17
